 Dungeon Crawl Stone Soup version 0.32-a0-981-g384da2ce10 (webtiles) character file.

Game seed: 9363099171718781148

42 GiantSquids the Changeling (level 3, -1/23 HPs)
             Began as an Octopode Shapeshifter on Apr 21, 2024.
             Slain by an ogre
             ... wielding a +0 giant club
              (24 damage)
             ... on level 3 of the Dungeon.
             The game lasted 00:02:21 (1559 turns).

GiantSquids the Changeling (Octopode Shapeshifter)  Turns: 1559, Time: 00:02:21

Health: -1/23      AC:  8    Str: 15    XL:     3   Next: 54%
Magic:  3/3        EV: 12    Int: 12    God:
Gold:   134        SH:  0    Dex: 11    Spells: 2/2 levels left

rFire   . . .        e - +2 dagger (protect)
rCold   . . .        (no shield)
rNeg    . . .        (helmet currently unavailable)
rPois   .            (no amulet)
rElec   .            (no ring)
rCorr   .            (no ring)
SInv    .            (no ring)
Will    .....        (no ring)
Stlth   +++          (no ring)
HPRegen 0.23/turn    (no ring)
MPRegen 0.08/turn    (no ring)
                     (no ring)

%: no passive effects
@: beast-form, under a protective aura
A: beast (slay +2), almost no armour, amphibious, 8 rings, camouflage 1,
gelatinous body 1, (nimble swimmer 1), tentacles
a: Begin Untransformation


You were on level 3 of the Dungeon.
You were a hulking beast.
You visited 1 branch of the dungeon, and saw 3 of its levels.

You collected 134 gold pieces.

Inventory:

Hand Weapons
 e - a +2 dagger of protection (weapon)
Jewellery
 h - a ring of fire
Talismans
 b - a beast talisman (active)
 c - a flux talisman
Scrolls
 d - 3 scrolls of noise {unknown}
 g - 3 scrolls of identify {unknown}
 i - a scroll of acquirement {unknown}
Potions
 a - 2 potions of lignification
 f - a potion of might {unknown}
 j - 2 potions of curing {unknown}
 k - 2 potions of resistance {unknown}


   Skills:
 - Level 1.0 Fighting
 - Level 2.0 Dodging
 + Level 2.4 Stealth
 - Level 3.0 Unarmed Combat
 * Level 3.8 Shapeshifting


You had 2 spell levels left.
You didn't know any spells.
Your spell library was empty.

Dungeon Overview and Level Annotations

Branches:
Dungeon (3/15)

Altars:


Innate Abilities, Weirdness & Mutations

You are a hulking beast.
Your limbs bulge with bestial killing power. (Slay +2)
You cannot wear most types of armour.
You are amphibious.
You can wear up to eight rings at the same time.
Your skin changes colour to match your surroundings (Stealth+).
Your rubbery body absorbs attacks. (AC +1, EV +1)
((You are camouflaged when in or above water. (Stealth+)))
You have tentacles for arms and can constrict up to eight enemies at once.


Message History

The endoplasm is heavily wounded.
The endoplasm freezes you.
You are frozen.
An endoplasm is nearby!
You hit the endoplasm but do no damage. You squeeze the endoplasm.
You kill the endoplasm!
No target in view!
Found a whip.
You see here a +0 whip.
You now have 134 gold pieces (gained 15).
Key pressed, stopping explore.
No target in view!
No target in view!
You open the door.
There is an open door here.
Done exploring.
Done exploring.
As you open the door, it creaks loudly!
You can't go down here!
There is an open door here.
There is a stone staircase leading down here.
You climb downwards.
There is a stone staircase leading up here.
An ogre is nearby!
The helpless ogre fails to defend itself.
You puncture the ogre!
Your weapon exudes an aura of protection.
You squeeze the ogre.
The ogre is heavily wounded.
The ogre barely misses you.
You hit the ogre.
The ogre is severely wounded.
You hit the ogre.
The ogre is severely wounded.
The ogre barely misses you.
You hit the ogre.
The ogre is almost dead.
The ogre hits you with a +0 giant club!!
Ouch! That really hurt!
You die...

###########
#........<#
##......#
#..h...#
#.O.........
#......#....
........#.....
#.######.#
#### #. ..# .
## #


You could see an ogre.

Vanquished Creatures
  3 dart slugs
  A ribbon worm (D:2)
  4 endoplasms
  A giant cockroach (D:1)
  4 goblins
  2 hobgoblins (D:1)
  2 quokkas
  4 bats
  A frilled lizard (D:1)
  6 kobolds
  A rat (D:1)
29 creatures vanquished.

Notes
Turn   | Place    | Note
-------+----------+-------------------------------------------
     0 | D:1      | GiantSquids the Octopode Shapeshifter began the quest for
                  | the Orb.
     0 | D:1      | Reached XP level 1. HP: 13/13 MP: 1/1
    51 | D:1      | Reached skill level 1 in Stealth
    79 | D:1      | Reached XP level 2. HP: 17/18 MP: 2/2
   724 | D:2      | Reached XP level 3. HP: 23/23 MP: 3/3
  1552 | D:3      | Noticed an ogre
  1559 | D:3      | Slain by an ogre

Illustrated notes

Levels and vault maps discovered:
D:1:      onia_arrival_mini_spirals, layout_rooms
D:2:      layout_loops_corners
D:3:      minmay_chambers_of_threes, layout_basic,
          nicolae_overflow_hidden_temple, uniq_jessica

Skill      XL: |  1  2 |
---------------+-------+-----
Stealth        | 1 2 |  2.4
Fighting       | |  1.0
Dodging        | |  2.0
Unarmed Combat | |  3.0
Shapeshifting  | |  3.8

Action                     || total
---------------------------++-------
  Melee: Unarmed           ||    15
         Constrict         ||    15
         Dagger            ||    35
         Tentacles         ||    12
   Stab: Sleeping          ||     8
 Armour: Skin              ||    10
  Dodge: Dodged            ||    17

Table legend: (Time is in decaauts)
 A = Elapsed time spent in this place.
 B = Non-inter-level travel time spent in this place.
 C = Inter-level travel time spent in this place.
 D = Time resting spent in this place.
 E = Time spent auto-exploring this place.
 F = Levels seen in this place.
 G = Mean time per level.
                   A        B        C        D        E       F      G
               +--------+--------+--------+--------+--------+-----+--------+
         Total |   1557 |   1496 |     61 |      0 |   1299 |   3 |  519.0 |
       Dungeon |   1557 |   1496 |     61 |      0 |   1299 |   3 |  519.0 |
               +--------+--------+--------+--------+--------+-----+--------+

Top non-repeatable levels by time:
     D:2: 911 daAuts
     D:1: 639 daAuts
     D:3: 6 daAuts
